 Dungeon Crawl Stone Soup version 0.22.1-2-g9c5b331 (webtiles) character file.

186 teukkam the Skirmisher (level 5, -1/47 HPs)
             Began as a Minotaur Fighter on Dec 5, 2018.
             Slain by an adder (4 damage)
             ... on level 4 of the Dungeon.
             The game lasted 00:06:29 (1051 turns).

teukkam the Skirmisher (Minotaur Fighter)           Turns: 1051, Time: 00:06:29

Health: -1/47      AC:  7    Str: 21    XL:     5   Next: 38%
Magic:  4/4        EV:  7    Int:  5    God:
Gold:   78         SH:  9    Dex: 10    Spells: 4/4 levels left

rFire    + . .     SeeInvis .   a - +0 war axe
rCold    + . .     Gourm    .   c - +0 shield
rNeg     . . .     Faith    .   b - +0 scale mail
rPois    +         Spirit   .   (helmet restricted)
rElec    +         Reflect  .   (no cloak)
rCorr    +         Harm     .   (no gloves)
MR       .....                  (no boots)
Stlth    ..........             (no amulet)
HPRegen  0.15/turn              e - ring of flight
MPRegen  0.09/turn              l - ring of resist corrosion

@: resistant, flying
A: retaliatory headbutt, horns 2
a: no special abilities


You were on level 4 of the Dungeon.
You were not hungry.

You visited 1 branch of the dungeon, and saw 4 of its levels.

You collected 78 gold pieces.

Inventory:

Hand Weapons
 a - a +0 war axe (weapon)
Missiles
 g - 20 arrows
 n - 2 tomahawks (quivered)
 s - 7 curare-tipped needles
Armour
 b - a +0 scale mail (worn)
 c - a +0 shield (worn)
Jewellery
 e - a ring of flight (left hand)
 l - a ring of resist corrosion (right hand)
Wands
 p - a wand of enslavement (12)
 q - a wand of paralysis (18)
Potions
 d - a potion of might
Comestibles
 f - 3 rations
 o - 5 chunks of flesh


   Skills:
 + Level 4.8 Fighting
 + Level 4.0 Axes
 + Level 4.8 Armour
 + Level 4.8 Shields


You had 4 spell levels left.
You didn't know any spells.
Your spell library was empty.

Dungeon Overview and Level Annotations

Branches:
Dungeon (4/15)
 Temple: D:4-7

Altars:
Yredelemnul
The Shining One

Shops:
D:4 [%


Innate Abilities, Weirdness & Mutations

You reflexively headbutt those who attack you in melee.
You have a pair of horns on your head.


Message History

An orc comes into view. It is wielding a mace.
The orc shouts!
An orc comes into view. It is wielding a short sword.
An orc comes into view. It is wielding a whip.
Found a potion of curing.
As you read the scroll labeled LAIXKAW OBBU, it crumbles to dust.
The creatures around you are filled with an inner flame!
It was a scroll of immolation.
The orc wizard mumbles some strange words.
The orc wizard blinks!
As you read the scroll labeled REZYCS QUOCEORIU, it crumbles to dust.
It is a scroll of identify.
You don't have any unidentified items.
Evoke which item? (* to show all) (? for menu, Esc to quit)
Aiming: Enslavement
Press: ? - help, Shift-Dir - straight line, f - adder
Aim: an adder (inner flame, chance to defeat MR: 54%)
The adder resists with significant effort.
The adder bites you.
You die...

#### . .... ..
..... ... .....
.... ......
....#####......
#.....o....!
+..@So......
#..o........
#...........
#...........
#......o....
+...........
#...........
#...........


You could see an orc wizard (inner flame), an adder (inner flame) and 3 orcs.

Vanquished Creatures
  A hound (D:3)
  An orc priest (D:4)
  A worker ant (D:4)
  An adder (D:2)
  4 gnolls (D:2)
  A worm (D:3)
  3 dart slugs
  A leopard gecko (D:3)
  4 orcs
  A ball python (D:2)
  3 giant cockroaches
  2 goblins
  2 hobgoblins (D:2)
  8 jackals
  4 kobolds (D:2)
  A quokka (D:3)
  A bat (D:3)
  2 frilled lizards
41 creatures vanquished.

Notes
Turn   | Place    | Note
-------+----------+-------------------------------------------
     0 | D:1      | teukkam the Minotaur Fighter began the quest for the Orb.
     0 | D:1      | Reached XP level 1. HP: 19/19 MP: 0/0
     2 | D:1      | You fall through a shaft!
   175 | D:2      | Found a basalt altar of Yredelemnul.
   205 | D:1      | Reached XP level 2. HP: 25/27 MP: 1/1
   318 | D:2      | Found a glowing golden altar of the Shining One.
   383 | D:3      | Reached XP level 3. HP: 15/33 MP: 2/2
   683 | D:2      | Reached XP level 4. HP: 41/41 MP: 3/3
   935 | D:4      | Found Millik's Food Emporium.
   980 | D:4      | Reached XP level 5. HP: 37/47 MP: 4/4
  1013 | D:4      | Found Yrasa's Armour Emporium.
  1046 | D:4      | HP: 2/47 [orc wizard/puff of frost (1)]
  1051 | D:4      | Slain by an adder

Skill      XL: |  1  2  3  4  5 |
---------------+----------------+-----
Armour         | 4 |  4.8
Fighting       | 4 |  4.8
Axes           | 3 4 |  4.0
Shields        | 4 |  4.8

Action                   |  1- 3 |  4- 6 || total
-------------------------+-------+-------++-------
Melee: War axe           |    66 |    51 ||   117
       Headbutt          |     5 |     9 ||    14
Evoke: Wand              |       |     1 ||     1
  Use: Potion            |       |     4 ||     4
       Scroll            |       |     3 ||     3
  Eat: Chunk             |       |     1 ||     1
Armor: Scale mail        |    32 |    20 ||    52
Dodge: Dodged            |    23 |    10 ||    33
Block: Shield            |    44 |    29 ||    73
